 Dungeon Crawl Stone Soup version 0.26-a0-597-gb535b0901c (webtiles) character file.

Game seed: 17196584588111874139

13 Goblin1989 the Sneak (level 2, 0/14 HPs)
             Began as a Spriggan Brigand on Sept 15, 2020.
             Slain by a bat (1 damage)
             ... on level 1 of the Dungeon.
             The game lasted 00:02:05 (406 turns).

Goblin1989 the Sneak (Spriggan Brigand)              Turns: 406, Time: 00:02:06

Health: 0/14       AC:  3    Str:  7    XL:     2   Next: 24%
Magic:  3/3        EV: 17    Int: 12    God:
Gold:   28         SH:  0    Dex: 17    Spells: 1/1 levels left

rFire    . . .     SeeInvis +   a - +2 dagger
rCold    . . .     Faith    .   (shield restricted)
rNeg     . . .     Spirit   .   b - +0 robe
rPois    .         Reflect  .   (helmet restricted)
rElec    .         Harm     .   c - +0 cloak
rCorr    .                      (gloves unavailable)
MR       .....                  (boots unavailable)
Stlth    +++.......             (no amulet)
HPRegen  0.04/turn              (no ring)
MPRegen  0.08/turn              (no ring)

@: very quick
A: very small, unfitting armour, see invisible, speed 3
a: no special abilities


You were on level 1 of the Dungeon.
You visited 1 branch of the dungeon, and saw 1 of its levels.

You collected 28 gold pieces.

Inventory:

Hand Weapons
 a - a +2 dagger (weapon)
Missiles
 d - 8 poisoned darts (quivered)
 e - 2 curare-tipped darts
 f - 8 bolts
 h - 25 stones {@Q3}
Armour
 b - a +0 robe (worn)
 c - a +0 cloak (worn)
Scrolls
 g - a scroll of blinking {unknown}
 i - a scroll of identify {unknown}


   Skills:
 - Level 1.5 Fighting
 * Level 3.0 Short Blades
 - Level 2.0 Throwing
 - Level 1.5 Dodging
 + Level 6.1 Stealth


You had one spell level left.
You didn't know any spells.
Your spell library was empty.

Dungeon Overview and Level Annotations

Branches:
Dungeon (1/15)

Altars:


Innate Abilities, Weirdness & Mutations

You are very small and have problems with some larger weapons.
You are too small for most types of armour.
You have supernaturally acute eyesight. (SInv)
You cover ground extremely quickly.


Message History

You closely miss the hobgoblin.
The hobgoblin is heavily wounded.
The bat barely misses you. The hobgoblin closely misses you.
You hit the hobgoblin.
You kill the hobgoblin!
You have reached level 2!
The bat barely misses you.
Health restored: 14; MP restored: 3 You hit the bat.
The bat is heavily wounded.
The bat misses you. x2
You hit the bat.
You kill the bat!
No target in view!
No target in view!
You now have 28 gold pieces (gained 3).
As you open the door, it creaks loudly!
Found a stone staircase leading down.
There is an open door here.
A bat comes into view.
A kobold comes into view.
The kobold shouts!
The bat misses you.
A hobgoblin comes into view. It is wielding a +0 club.
A bat comes into view.
The bat barely misses you.
The bat moves out of view.
A kobold comes into view.
The bat misses you.
Found a scroll labeled NEIWU GYIKEH.
You hit the bat.
The bat is severely wounded.
The bat closely misses you. x2; The bat misses you.
You barely miss the bat. The bat hits you.
The bat hits you but does no damage. x2
You take 1 damage, and have 13/14 hp.
You barely miss the bat. The bat closely misses you.
The bat completely misses you.
You closely miss the bat.
The bat is severely wounded.
The bat misses you.
The bat completely misses you. x2; The kobold misses you.
You closely miss the kobold.
The hobgoblin shouts!
The bat closely misses you. x2; The kobold barely misses you.
The kobold misses you.
You barely miss the kobold. The bat barely misses you.
The bat completely misses you. The kobold hits you but does no damage.
You hit the bat.
You kill the bat!
The bat barely misses you. The kobold closely misses you.
You hit the kobold.
The kobold is severely wounded.
The bat hits you but does no damage. The kobold hits you.
The kobold closely misses you.
You take 3 damage, and have 10/14 hp.
MASSIVE DAMAGE!!
You barely miss the kobold.
The kobold is severely wounded.
The bat hits you but does no damage. The kobold misses you.
The kobold barely misses you.
You miss the kobold.
The kobold is severely wounded.
The bat misses you. The bat hits you but does no damage.
The kobold closely misses you. The kobold barely misses you.
You hit the kobold.
You kill the kobold!
The bat closely misses you. The kobold closely misses you.
You hit the hobgoblin.
The hobgoblin is heavily wounded.
The bat barely misses you. The kobold closely misses you.
You hit the hobgoblin but do no damage.
The hobgoblin is heavily wounded.
The bat misses you. The hobgoblin closely misses you. The kobold hits you.
You take 3 damage, and have 8/14 hp.
MASSIVE DAMAGE!!
You hit the hobgoblin but do no damage.
The hobgoblin is heavily wounded.
The bat barely misses you. The hobgoblin hits you with a +0 club.
* * * LOW HITPOINT WARNING * * *
You take 2 damage, and have 6/14 hp.
You barely miss the hobgoblin.
The hobgoblin is heavily wounded.
The bat hits you.
* * * LOW HITPOINT WARNING * * *
The kobold hits you.
* * * LOW HITPOINT WARNING * * *
The hobgoblin completely misses you.
You take 2 damage, and have 4/14 hp.
You hit the hobgoblin.
You kill the hobgoblin!
Your Short Blades skill increases to level 3!
The bat misses you. The kobold hits you.
* * * LOW HITPOINT WARNING * * *
You take 2 damage, and have 2/14 hp.
The bat hits you.
* * * LOW HITPOINT WARNING * * *
You take 1 damage, and have 1/14 hp.
The bat completely misses you. The bat completely misses you.
The bat barely misses you. The bat closely misses you.
The bat hits you but does no damage. The bat hits you.
You die...

█... █.... ███ █....
█.. █.?...█.███████
█.....█.......█
......)†..K...████.██
████.█.███.........▲
████▲█.█████..█████
█........@b...█
█......██████.██
█......██████..█████
...................>█
█████.█████████.███.█
█. █..██.█ █▲ ██.██.█
█..█∆█████ ██.......█


You could see a bat.

Vanquished Creatures
  A dart slug (D:1)
  3 bats (D:1)
  3 hobgoblins (D:1)
  A frilled lizard (D:1)
  A kobold (D:1)
  A rat (D:1)
10 creatures vanquished.

Notes
Turn   | Place    | Note
-------+----------+-------------------------------------------
     0 | D:1      | Goblin1989 the Spriggan Brigand began the quest for the
                  | Orb.
     0 | D:1      | Reached XP level 1. HP: 10/10 MP: 2/2
   133 | D:1      | Reached skill level 6 in Stealth
   355 | D:1      | Reached XP level 2. HP: 14/14 MP: 3/3
   406 | D:1      | Slain by a bat

Illustrated notes

Levels and vault maps discovered:
D:1:      dpeg_arrival_short_road, layout_basic

Skill      XL: |  1  2 |
---------------+-------+-----
Stealth        | 6 |  6.1
Short Blades   | 3 |  3.0
Fighting       | |  1.5
Throwing       | |  2.0
Dodging        | |  1.5

Action                   || total
-------------------------++-------
Melee: Dagger            ||    36
 Stab: Sleeping          ||     3
       Distracted        ||     1
Armor: Robe              ||     9
Dodge: Dodged            ||    53

Table legend: (Time is in decaauts)
 A = Elapsed time spent in this place.
 B = Non-inter-level travel time spent in this place.
 C = Inter-level travel time spent in this place.
 D = Time resting spent in this place.
 E = Time spent auto-exploring this place.
 F = Levels seen in this place.
 G = Mean time per level.
                   A        B        C        D        E       F      G
               +--------+--------+--------+--------+--------+-----+--------+
         Total |    323 |    323 |      0 |      0 |    251 |   1 |  323.0 |
       Dungeon |    323 |    323 |      0 |      0 |    251 |   1 |  323.0 |
               +--------+--------+--------+--------+--------+-----+--------+

Top non-repeatable levels by time:
     D:1: 323 daAuts
